 Dungeon Crawl Stone Soup version 0.17.1-1-g73c8601 (webtiles) character file.

133 namelastname112 the Cutter (level 4, 0/36 HPs)
             Began as a Draconian Skald on Jan 9, 2016.
             Slain by a giant frog skeleton (3 damage)
             ... on level 4 of the Dungeon.
             The game lasted 00:05:00 (2846 turns).

namelastname112 the Cutter (Draconian Skald)        Turns: 2846, Time: 00:05:00

Health: 0/36       AC:  6    Str: 14    XL:     4   Next: 94%
Magic:  7/7        EV: 12    Int: 13    God:
Gold:   156        SH:  0    Dex: 11    Spells: 1 memorised, 6 levels left

rFire  . . .     SeeInvis .     j - +0 dagger
rCold  . . .     Clarity  .     (armour unavailable)
rNeg   . . .     SustAt   .     (no shield)
rPois  .         Gourm    .     (helmet restricted)
rElec  .         Spirit   .     (no cloak)
rCorr  .         Warding  .     (no gloves)
rMut   .         Stasis   .     l - +0 pair of boots
MR     .....                    (no amulet)
Stlth  ++........               (no ring)
                                (no ring)

@: not resistant to hostile enchantments, unstealthy
A: unfitting armour, cold-blooded, AC +5
a: no special abilities


You were on level 4 of the Dungeon.
You were hungry.

You visited 1 branch of the dungeon, and saw 4 of its levels.

You collected 156 gold pieces.

Inventory:

Hand Weapons
 a - a +0 short sword
 j - a +0 dagger (weapon)
Missiles
 m - 10 poisoned needles
Armour
 l - a +0 pair of boots (worn)
Scrolls
 h - a scroll of recharging
 i - 2 scrolls of remove curse
 p - 2 scrolls of magic mapping
Potions
 d - 2 potions of curing {unknown}
 e - a potion of beneficial mutation {unknown}
 g - a potion of heal wounds
 k - a potion of agility {unknown}
 q - a potion of might {unknown}
Books
 b - a book of Battle

   Spells                             Type                      Level
   a - Infusion                       Charms                       1
   b - Shroud of Golubria             Charms/Translocation         2
   c - Song of Slaying                Charms                       2
   d - Spectral Weapon                Hexes/Charms                 3
   e - Regeneration                   Charms/Necromancy            3
Comestibles
 c - 3 bread rations
 f - a meat ration
 n - a slice of pizza
 s - a beef jerky


   Skills:
 - Level 2.1 Fighting
 + Level 3.9 Short Blades
 - Level 1.3 Dodging
 + Level 3.1 Stealth
 - Level 2.0 Spellcasting
 - Level 2.6 Charms


You had 6 spell levels left.
You knew the following spells:

 Your Spells              Type           Power        Failure   Level  Hunger
z - Infusion              Chrm           #.....       10%         1    ##.....


Dungeon Overview and Level Annotations

Branches:
Dungeon (4/15)
 Temple: D:4-7

Altars:

Annotations:
D:3 Terence


Innate Abilities, Weirdness & Mutations

Your plain brown scales are hard (AC +5).
Your body does not fit into most forms of armour.
You are cold-blooded and may be slowed by cold attacks.


Message History

There is a stone staircase leading up here.
A giant frog and a skeleton come into view.
Found 22 arrows of dispersal.
An orc comes into view. It is wielding a club.
The giant frog skeleton hits you.
* * * LOW HITPOINT WARNING * * *
An orc priest and an orc wizard come into view.
The orc wizard shouts!
An orc wizard comes into view. It is wielding a dagger.
The orc wizard shouts!
The orc priest shouts!
An orc comes into view. It is wielding a dagger.
The giant frog skeleton completely misses you.
Read which item? (? for menu, Esc to quit)
As you read the scroll of immolation, it crumbles to dust.
The creatures around you are filled with an inner flame!
The giant frog skeleton closely misses you.
The giant frog skeleton hits you.
* * * LOW HITPOINT WARNING * * *
The giant frog skeleton hits you.
You die...

#..### ##.####
#.5..# #....#
oo####....####
#oo..........#
###...$......#
#....o..Z(.#
#........@.#
####....####
#....# #....#
######


You could see an orc priest (inner flame), a crimson imp and a giant frog
skeleton (inner flame).

Vanquished Creatures
  Ijyb (D:3)
  Jessica (D:3)
  4 adders (D:2)
  2 worms
  A giant gecko (D:2)
  2 giant cockroaches (D:1)
  7 hobgoblins
  A ball python (D:2)
  8 bats
  2 giant newts
  5 goblins
  6 kobolds
  2 rats
42 creatures vanquished.

Vanquished Creatures (others)
  4 toadstools (D:1)
4 creatures vanquished.

Grand Total: 46 creatures vanquished

Notes
Turn   | Place    | Note
--------------------------------------------------------------
     0 | D:1      | namelastname112 the Draconian Skald began the quest for the Orb.
     0 | D:1      | Reached XP level 1. HP: 17/17 MP: 3/3
   233 | D:1      | Reached skill level 1 in Stealth
   250 | D:1      | Reached XP level 2. HP: 21/24 MP: 5/5
  1071 | D:2      | Reached XP level 3. HP: 7/29 MP: 2/6
  1093 | D:2      | Reached skill level 3 in Short Blades
  1706 | D:2      | Reached XP level 4. HP: 23/36 MP: 4/7
  2061 | D:3      | Noticed Jessica
  2082 | D:3      | Killed Jessica
  2249 | D:3      | Noticed Ijyb
  2298 | D:3      | Killed Ijyb
  2794 | D:3      | Noticed Terence
  2836 | D:4      | Noticed a giant frog
  2846 | D:4      | Slain by a giant frog skeleton

Action                   |  1- 3 |  4- 6 || total
-------------------------+-------+-------++-------
Melee: Short sword       |    23 |       ||    23
       Dagger            |   156 |   110 ||   266
 Cast: Infusion          |     4 |     4 ||     8
  Use: Scroll            |       |     7 ||     7
 Stab: Sleeping          |     2 |     1 ||     3
  Eat: Chunk             |     2 |     4 ||     6
